 Dungeon Crawl Stone Soup version 0.16.2-12-gd0ad4c3 (webtiles) character file.

130 Peloso the Shield-Bearer (level 4, -2/41 HPs)
             Began as a Minotaur Fighter on Sept 26, 2015.
             Killed from afar by an orc wizard (5 damage)
             ... with a magic dart
             ... on level 3 of the Dungeon.
             The game lasted 00:04:24 (1391 turns).

Peloso the Shield-Bearer (Minotaur Fighter)         Turns: 1391, Time: 00:04:24

Health: -2/41      AC:  9    Str: 26    XL:     4   Next: 90%
Magic:  2/2        EV:  6    Int:  5    God:
Gold:   152        SH: 10    Dex: 10    Spells: 0 memorised, 3 levels left

rFire  . . .     SeeInvis .     a - +0 long sword
rCold  . . .     Clarity  .     t - +0 chain mail
rNeg   . . .     SustAb   .     c - +0 shield
rPois  .         Gourm    .     (helmet restricted)
rElec  .         Spirit   .     (no cloak)
rCorr  .         Warding  .     (no gloves)
rMut   .         Stasis   .     (no boots)
MR     .....                    (no amulet)
Stlth  ..........               (no ring)
                                (no ring)

@: mighty, slowed, very slow, not resistant to hostile enchantments, extremely
unstealthy
A: retaliatory headbutt, horns 2
a: no special abilities


You were on level 3 of the Dungeon.
You were near starving.

You visited 1 branch of the dungeon, and saw 3 of its levels.

You collected 152 gold pieces.

Inventory:

Hand weapons
 a - a +0 long sword (weapon)
Armour
 b - a +0 scale mail
 c - a +0 shield (worn)
 t - a +0 chain mail (worn)
Scrolls
 f - a scroll of noise {unknown}
 g - 4 scrolls of identify {unknown}
 j - a scroll of teleportation {unknown}
 l - 2 scrolls of recharging {unknown}
 m - 2 scrolls of immolation {unknown}
 s - a scroll of fog {unknown}
 v - 3 scrolls of random uselessness {unknown}
Potions
 e - a potion of might
 i - 3 potions of haste {unknown}
 n - a potion of brilliance {unknown}
 o - 2 potions of restore abilities {unknown}
 r - a potion of lignification {unknown}
 u - a potion of resistance {unknown}
Comestibles
 d - 2 bread rations
 h - 3 fruits
 k - a meat ration
 p - 7 chunks of flesh
 q - a slice of pizza


   Skills:
 + Level 4.4 Fighting
 + Level 3.2 Long Blades
 + Level 4.4 Armour
 + Level 1.4 Dodging
 + Level 4.9 Shields


You had 3 spell levels left.
You didn't know any spells.

Dungeon Overview and Level Annotations

Branches:
Dungeon (3/15)

Altars:


Innate Abilities, Weirdness & Mutations

You reflexively headbutt those who attack you in melee.
You have a pair of horns on your head.


Message History

You closely miss the orc priest. You headbutt the orc priest.
The orc priest is moderately wounded.
The orc wizard hits you but does no damage.
The orc priest hits you with a flail.
* * * LOW HITPOINT WARNING * * *
Unknown command.
Drink which item? (? for menu, Esc to quit)
You feel very mighty all of a sudden.
The orc wizard hits you with a dagger of speed.
* * * LOW HITPOINT WARNING * * *
You block the orc wizard's attack. The orc priest hits you with a flail.
* * * LOW HITPOINT WARNING * * *
The orc wizard barely misses you.
You barely miss the orc priest.
The orc priest is moderately wounded.
You block the orc wizard's attack. x2
You block the orc priest's attack.
The orc wizard points at you and mumbles some strange words.
The magic dart hits you!
You die...

#### ##. . # ....#
.(. ####
#.#.#.<##.
##!...#.........
.%.....#.##..$....
#.....)o@o..#
#.....#.....#.
#.....#(###.#.. .
#(... #.### ..# .#
#######...# ....#
#.....# .#.>##
#.#.....#......
##.#######.....#
#.....†....#


You could see an orc priest and an orc wizard.

Vanquished Creatures
  An orc priest (D:3)
  An adder (D:2)
  2 giant mites (D:2)
  2 worms (D:3)
  2 giant geckos (D:1)
  6 orcs (D:3)
  2 giant cockroaches (D:1)
  9 goblins
  9 hobgoblins
  7 jackals (D:3)
  7 bats
  A giant newt (D:1)
  7 kobolds
  6 rats
62 creatures vanquished.

Notes
Turn   | Place    | Note
--------------------------------------------------------------
     0 | D:1      | Peloso, the Minotaur Fighter, began the quest for the Orb.
     0 | D:1      | Reached XP level 1. HP: 19/19 MP: 1/1
   207 | D:1      | Reached XP level 2. HP: 27/27 MP: 1/1
   320 | D:1      | Reached skill level 4 in Shields
   506 | D:1      | Reached XP level 3. HP: 33/33 MP: 2/2
  1126 | D:3      | Reached XP level 4. HP: 38/40 MP: 2/2
  1312 | D:3      | Reached skill level 1 in Dodging
  1391 | D:3      | Killed from afar by an orc wizard

Action                   |  1- 3 |  4- 6 || total
-------------------------+-------+-------++-------
Melee: Long sword        |    76 |    54 ||   130
  Use: Potion            |       |     1 ||     1
